 Dungeon Crawl Stone Soup version 0.29-a0-43-g62a80824bf (webtiles) character file.

Game seed: 13455705313149345237

3 crazypyro the Skirmisher (level 1, 0/18 HPs)
             Began as a Demonspawn Fighter on Feb 2, 2022.
             Slain by a jackal (2 damage)
             ... on level 1 of the Dungeon.
             The game lasted 00:00:13 (48 turns).

crazypyro the Skirmisher (Demonspawn Fighter)         Turns: 48, Time: 00:00:15

Health: 0/18       AC:  6    Str: 16    XL:     1   Next: 41%
Magic:  1/1        EV:  8    Int:  9    God:
Gold:   11         SH:  4    Dex: 12    Spells: 0/0 levels left

rFire   . . .      SeeInvis .   a - +0 long sword
rCold   . . .      Faith    .   c - +0 buckler
rNeg    . . .      Spirit   .   b - +0 scale mail
rPois   .          Reflect  .   (no helmet)
rElec   .          Harm     .   (no cloak)
rCorr   .          Rampage  .   (no gloves)
Will    .....                   (no boots)
Stlth   ..........              (no amulet)
HPRegen 0.06/turn               (no ring)
MPRegen 0.07/turn               (no ring)

@: no status effects
A: no striking features
a: no special abilities


You were on level 1 of the Dungeon.
You visited 1 branch of the dungeon, and saw 1 of its levels.

You collected 11 gold pieces.

Inventory:

Hand Weapons
 a - a +0 long sword (weapon)
Armour
 b - a +0 scale mail (worn)
 c - a +0 buckler (worn)
Potions
 d - a potion of might


   Skills:
 + Level 3.0 Fighting
 + Level 1.8 Long Blades
 + Level 2.7 Armour
 + Level 2.7 Shields


You couldn't memorise any spells.
You didn't know any spells.
Your spell library was empty.

Dungeon Overview and Level Annotations

Branches:
Dungeon (1/15)

Altars:


Message History

The bat closely misses you. The bat hits you but does no damage.
The bat completely misses you.
You see here a jackal corpse.
You closely miss the bat. You block the bat's attack.
The jackal closely misses you.
You hit the jackal but do no damage. The bat barely misses you.
The jackal barely misses you. x2
The jackal bites you but does no damage.
The jackal bites you.
You hit the jackal.
The jackal is moderately wounded.
The jackal bites you. The bat hits you but does no damage.
The jackal bites you but does no damage. x2
The jackal bites you.
* * * LOW HITPOINT WARNING * * *
You barely miss the jackal.
The jackal is moderately wounded.
The bat hits you but does no damage. You block the bat's attack.
The jackal bites you but does no damage.
You block the jackal's attack.
The jackal bites you but does no damage.
The jackal closely misses you.
You hit the jackal.
The jackal is severely wounded.
The bat barely misses you. The jackal closely misses you.
You block the jackal's attack. x2; The bat hits you but does no damage.
The jackal bites you.
* * * LOW HITPOINT WARNING * * *
You miss the jackal.
The jackal is severely wounded.
The bat barely misses you. The jackal barely misses you. x2
The bat hits you but does no damage.
The jackal bites you but does no damage. x2
You hit the jackal but do no damage.
The jackal is severely wounded.
The bat hits you but does no damage. You block the bat's attack.
The jackal bites you.
* * * LOW HITPOINT WARNING * * *
The jackal bites you.
You die...

... ###. #.##..> #.#..#
##. # ##.#.# ....
####.###....#.....
...........#...... ..
#.. #...h....... ...
#..###h###.......
#.##..##@h###.......
##.......b...........
.##........###..##.....
. .§.....☼.§§§§..#
..... #
.#§♣.♣♣..§§§##§## ....
.§.§§♣♣..♣§§§## .... §§
♣§∩.∩♣.♣§♣ ♣§♣∩...∩♣§♣♣
♣.∩..8..∩.♣


You could see 2 jackals and a bat.

Vanquished Creatures
  2 jackals (D:1)
  A bat (D:1)
3 creatures vanquished.

Notes
Turn   | Place    | Note
-------+----------+-------------------------------------------
     0 | D:1      | crazypyro the Demonspawn Fighter began the quest for the
                  | Orb.
     0 | D:1      | Reached XP level 1. HP: 18/18 MP: 1/1
    48 | D:1      | Slain by a jackal

Illustrated notes

Levels and vault maps discovered:
D:1:      heliophobic_arrival_enchanted_forest, layout_rooms, fountainhead

Action                   || total
-------------------------++-------
Melee: Long sword        ||    25
Armor: Scale mail        ||    39
Dodge: Dodged            ||    40
Block: Buckler           ||    13

Table legend: (Time is in decaauts)
 A = Elapsed time spent in this place.
 B = Non-inter-level travel time spent in this place.
 C = Inter-level travel time spent in this place.
 D = Time resting spent in this place.
 E = Time spent auto-exploring this place.
 F = Levels seen in this place.
 G = Mean time per level.
                   A        B        C        D        E       F      G
               +--------+--------+--------+--------+--------+-----+--------+
         Total |     57 |     57 |      0 |      0 |     13 |   1 |   57.0 |
       Dungeon |     57 |     57 |      0 |      0 |     13 |   1 |   57.0 |
               +--------+--------+--------+--------+--------+-----+--------+

Top non-repeatable levels by time:
     D:1: 57 daAuts
